 Dungeon Crawl Stone Soup version 0.27.0-1-g7a089689b8 (webtiles) character file.

Game seed: 3678321064194585485

36 kobby the Skirmisher (level 3, -4/34 HPs)
             Began as a Naga Fighter on Aug 14, 2021.
             Slain by an orc priest (16 damage)
             ... on level 2 of the Dungeon.
             The game lasted 00:02:18 (2343 turns).

kobby the Skirmisher (Naga Fighter)                 Turns: 2343, Time: 00:02:19

Health: -4/34      AC:  4    Str: 19    XL:     3   Next: 37%
Magic:  3/3        EV:  5    Int:  8    God:
Gold:   70         SH:  8    Dex: 10    Spells: 2/2 levels left

rFire    . . .     SeeInvis +   a - +0 war axe
rCold    . . .     Faith    .   c - +0 kite shield
rNeg     . . .     Spirit   .   b - +0 scale mail
rPois    +         Reflect  .   (no helmet)
rElec    .         Harm     .   (no cloak)
rCorr    .         Rampage  .   (no gloves)
Will     .....                  (no barding)
Stlth    ..........             (no amulet)
HPRegen  0.11/turn              (no ring)
MPRegen  0.08/turn              (no ring)

@: very slow
A: AC +1, large, see invisible, deformed body, poison resistance, slowness 2,
spit poison 1, naga tail 1
a: Spit Poison


You were on level 2 of the Dungeon.
You visited 1 branch of the dungeon, and saw 3 of its levels.

You collected 70 gold pieces.

Inventory:

Hand Weapons
 a - a +0 war axe (weapon)
Armour
 b - a +0 scale mail (worn)
 c - a +0 kite shield (worn)
Scrolls
 g - 2 scrolls of identify
Potions
 d - a potion of might
 e - 4 potions of curing
 f - a potion of heal wounds {unknown}
 h - a potion of degeneration {unknown}


   Skills:
 + Level 3.3 Fighting
 + Level 2.5 Axes
 + Level 2.8 Armour
 + Level 0.1 Stealth
 + Level 2.6 Shields


You had 2 spell levels left.
You didn't know any spells.
Your spell library contained the following spells:

 Spells                   Type           Power      Damage    Failure   Level
 Ozocubu's Armour         Ice            0%         N/A       100%        3
 Ozocubu's Refrigeration  Ice            0%         4d5       100%        7


Dungeon Overview and Level Annotations

Branches:
Dungeon (3/15)

Altars:


Innate Abilities, Weirdness & Mutations

Your serpentine skin is tough. (AC +1)
You have supernaturally acute eyesight. (SInv)
Armour fits poorly on your strangely shaped body.
Your system is resistant to poisons. (rPois)
You cover ground very slowly.
You can spit poison.
You have a snake-like lower body.


Message History

There is a stone staircase leading down here.
You climb downwards.
You hear the sound of rushing water.
There is an entrance to a sewer on this level.
Hurry and find it before the portal rusts away!
A rat, 2 orcs and an orc priest come into view.
The orc priest is wielding a +2 dagger of electrocution.
The orc shouts!
The orc priest shouts!
The orc shouts!
Found a book of Displacement.
There is a stone staircase leading up here.
A frilled lizard comes into view.
The frilled lizard moves out of view.
The orc priest looks encouraged for a moment.
The rat bites you.
The orc priest hits you with a +2 dagger of electrocution.
The orc barely misses you.
You climb upwards.
There is a stone staircase leading down here.
You hit the orc priest.
The orc priest is heavily wounded.
You slash the rat!
You kill the rat!
You hit the orc. You block the orc priest's attack. You block the orc's attack.
You hit the orc priest.
The orc priest is severely wounded.
You closely miss the orc.
The orc priest hits you with a +2 dagger of electrocution.
You block the orc's attack. The orc priest closely misses you.
You block the orc's attack.
You barely miss the orc priest.
The orc priest is severely wounded.
You slash the orc!
You kill the orc!
The orc priest hits you with a +2 dagger of electrocution.
You are electrocuted!
The orc priest miscasts a cantrip.
You closely miss the orc priest.
The orc priest is severely wounded.
The orc priest hits you but does no damage.
You are electrocuted!
You die...

....# #.# #.>...# ###.# #.#
#.#.#.# #.#########.# #.#.#.#
#.#.........#####.#.#.#
#.#.##............#.#.#
#.#.#.............#.#.#
#.#.#.#.####....#.#.#.#
###.#.#.#.####.##.#.#.#.#
................@)#.#.#.#####
###.#.#.#.####.#o†#.#.#.....#
###.#.#.#.........#.#.#####.#
......#.#.####.#.##.#.# #.#
........#......#..#.#.# #.#
##.####.###.......#.#.# #.#
#..........####..#.#.# #.#
##.###.###.####..#.#.# #.#
#.# #.# #.#.....#.#.#####.###


You could see an orc priest.

Vanquished Creatures
  A dart slug (D:1)
  An orc (D:2)
  6 bats (D:1)
  3 endoplasms
  3 giant cockroaches
  2 goblins (D:1)
  4 kobolds
  2 quokkas (D:1)
  2 ball pythons (D:1)
  3 frilled lizards (D:1)
  5 rats
32 creatures vanquished.

Notes
Turn   | Place    | Note
-------+----------+-------------------------------------------
     0 | D:1      | kobby the Naga Fighter began the quest for the Orb.
     0 | D:1      | Reached XP level 1. HP: 21/21 MP: 1/1
   320 | D:1      | Reached XP level 2. HP: 26/28 MP: 2/2
   781 | D:1      | Reached XP level 3. HP: 18/34 MP: 3/3
  2343 | D:2      | Slain by an orc priest

Illustrated notes

Levels and vault maps discovered:
D:1:      shiori_shiawase, layout_basic, serial_forest,
          infiniplex_forest_lined_4_way, infiniplex_forest_end_1,
          infiniplex_forest_lined_3, infiniplex_forest_straight_3,
          infiniplex_forest_straight_2
D:2:      layout_basic
D:3:      layout_loops_ring, nicolae_ru_the_path_less_chosen,
          portal_sewer_entry_a, shapermc_ecumenical_altar_acropolis,
          hangedman_decor_opposing, cheibrodos_gnoll_hut

Action                   || total
-------------------------++-------
Melee: War axe           ||   104
  Use: Scroll            ||     1
Armor: Scale mail        ||    59
Dodge: Dodged            ||    25
Block: Kite shield       ||    57
